 Dungeon Crawl Stone Soup version 0.29-a0-275-g389c0b56f3 (webtiles) character file.

Game seed: 16731762465098709184

22 Anunax the Scratcher (level 2, -1/12 HPs)
             Began as a Felid Transmuter on Mar 11, 2022.
             Frozen to death by an endoplasm (5 damage)
             ... on level 2 of the Dungeon.
             The game lasted 00:03:54 (1003 turns).

Anunax the Scratcher (Felid Transmuter)             Turns: 1003, Time: 00:03:54

Health: -1/12      AC:  1    Str:  6    XL:     2   Next: 68%
Magic:  6/6        EV: 17    Int: 14    God:
Gold:   73         SH:  0    Dex: 16    Spells: 4/5 levels left
                                        Lives:  0   Deaths: 0

rFire   . . .      SeeInvis +     - Unarmed
rCold   . . .      Faith    .   (shield unavailable)
rNeg    . . .      Spirit   .   (body armour unavailable)
rPois   .          Reflect  .   (helmet unavailable)
rElec   .          Harm     .   (cloak unavailable)
rCorr   .          Rampage  .   (gloves unavailable)
Will    .....                   (boots unavailable)
Stlth   ++........              (no amulet)
HPRegen 0.04/turn               (no ring)
MPRegen 0.10/turn               (no ring)

@: quick
A: very small, claws 1, fangs 3, see invisible, speed 1, shaggy fur 1, stealthy
paws, no weapons or thrown items, no armour, multi-lived
a: no special abilities


You were on level 2 of the Dungeon.
You visited 1 branch of the dungeon, and saw 2 of its levels.

You collected 73 gold pieces.

Inventory:

Scrolls
 b - a scroll of identify {unknown}
 e - a scroll of amnesia {unknown}
Potions
 a - 3 potions of lignification
 c - a potion of curing {unknown}
 d - a potion of ambrosia {unknown}
 f - a potion of mutation {unknown}
 g - a potion of heal wounds {unknown}


   Skills:
 + Level 1.0 Fighting
 + Level 3.0 Dodging
 + Level 1.2 Stealth
 + Level 3.4 Unarmed Combat
 + Level 2.2 Spellcasting
 + Level 2.3 Transmutations


You had 4 spell levels left.
You knew the following spells:

 Your Spells              Type           Power      Damage    Failure   Level
a - Beastly Appendage     Tmut           16%        N/A       9%          1

Your spell library contained the following spells:

 Spells                   Type           Power      Damage    Failure   Level
 Wereblood                Tmut           8%         N/A       14%         2
 Spider Form              Tmut/Pois      4%         N/A       41%         3
 Dazzling Flash           Conj/Hex       2%         N/A       56%         3
 Ice Form                 Ice/Tmut       4%         N/A       82%         4
 Agony                    Necr           1%         N/A       100%        5
 Silence                  Hex/Air        0%         N/A       100%        5


Dungeon Overview and Level Annotations

Branches:
Dungeon (2/15)

Altars:


Innate Abilities, Weirdness & Mutations

You have sharp claws.
You have razor-sharp teeth.
You have supernaturally acute eyesight. (SInv)
You cover ground quickly. (Speed+)
You are covered in fur. (AC +1)
Your paws help you pounce on unaware monsters.
You are incapable of wielding weapons or throwing items.
You cannot wear armour.
You gain extra lives every three experience levels.


Message History

Found a leather armour.
There is an open door here.
You now have 73 gold pieces (gained 9).
A rat comes into view.
A kobold comes into view. It is wielding a +0 whip.
Casting: Beastly Appendage (safe; 9% risk of failure)
Confirm with . or Enter, or press ? or * to list all spells.
You grow a pair of large bovine horns.
Found 11 gold pieces.
The rat barely misses you.
You barely miss the rat. You headbutt the rat.
You kill the rat!
Your transformation is almost over.
The kobold shouts!
An endoplasm comes into view.
You see here a rat corpse.
You closely miss the kobold. Your bite misses the kobold.
The kobold closely misses you.
You closely miss the kobold. You closely miss the kobold.
Your headbutt misses the kobold. Your bite misses the kobold.
The kobold hits you with a +0 whip.
You scratch the kobold.
The kobold is moderately wounded.
The kobold barely misses you.
You barely miss the kobold.
The kobold is moderately wounded.
The kobold barely misses you.
You closely miss the kobold.
The kobold is moderately wounded.
The endoplasm closely misses you. The kobold hits you with a +0 whip.
You closely miss the kobold. Your headbutt misses the kobold.
The kobold is moderately wounded.
The endoplasm freezes you.
You are frozen.
The kobold hits you but does no damage. The endoplasm attacks as you move away!
The endoplasm hits you.
Your horns disappear.
You scratch the kobold.
You kill the kobold!
The endoplasm freezes you.
You are frozen.
You die...

#.#......# ##.#......#
#..#......# #
#.........## #.
#.........+ .###.......#
..#.†.....#.. ......
#####.#J)######.# #.....
#.....#.@#......# #.....
#...............####....
#.......#.............#
#.......#.............#
#...[...'...........†.##
#.......#............<.#
#.......#.(............#
####....#..............#
#...##...........).###


You could see an endoplasm.

Vanquished Creatures
  3 ball pythons (D:1)
  An endoplasm (D:1)
  A giant cockroach (D:1)
  A goblin (D:1)
  4 hobgoblins
  3 jackals (D:1)
  A bat (D:1)
  A frilled lizard (D:1)
  A kobold (D:2)
  4 rats
20 creatures vanquished.

Notes
Turn   | Place    | Note
-------+----------+-------------------------------------------
     0 | D:1      | Anunax the Felid Transmuter began the quest for the Orb.
     0 | D:1      | Reached XP level 1. HP: 9/9 MP: 4/4
   309 | D:1      | Reached XP level 2. HP: 12/12 MP: 3/6
   657 | D:1      | Reached skill level 1 in Stealth
  1003 | D:2      | Frozen to death by an endoplasm

Illustrated notes

Levels and vault maps discovered:
D:1:      dpeg_arrival_brainrot, layout_basic, minmay_misc_feat_more_columns
D:2:      layout_basic, hellmonk_ecumenical_altar_defaced_shrine

Skill      XL: |  1  2 |
---------------+-------+-----
Dodging        | 3 |  3.0
Stealth        | 1 |  1.2
Fighting       | |  1.0
Unarmed Combat | |  3.4
Spellcasting   | |  2.2
Transmutations | |  2.3

Action                   || total
-------------------------++-------
Melee: Unarmed           ||    42
       Headbutt          ||     3
       Bite              ||     3
       Punch             ||     1
 Cast: Beastly Appendage ||    10
 Stab: Sleeping          ||     2
Armor: Skin              ||     2
Dodge: Dodged            ||    21

Table legend: (Time is in decaauts)
 A = Elapsed time spent in this place.
 B = Non-inter-level travel time spent in this place.
 C = Inter-level travel time spent in this place.
 D = Time resting spent in this place.
 E = Time spent auto-exploring this place.
 F = Levels seen in this place.
 G = Mean time per level.
                   A        B        C        D        E       F      G
               +--------+--------+--------+--------+--------+-----+--------+
         Total |    885 |    872 |     13 |    106 |    616 |   2 |  442.5 |
       Dungeon |    885 |    872 |     13 |    106 |    616 |   2 |  442.5 |
               +--------+--------+--------+--------+--------+-----+--------+

Top non-repeatable levels by time:
     D:1: 829 daAuts
     D:2: 55 daAuts
